 Dungeon Crawl Stone Soup version 0.28.0-53-g5a82cb258f (webtiles) character file.

Game seed: 16838382637527788071

4424 adizb the Grappler (level 10, -2/96 HPs)
             Began as a Troll Monk on Aug 1, 2022.
             Was a Priest of Makhleb.
             Slain by an orc
             ... wielding a +0 trident
              (6 damage)
             ... on level 7 of the Dungeon.
             The game lasted 00:30:15 (4727 turns).

adizb the Grappler (Troll Monk)                     Turns: 4727, Time: 00:30:16

Health: -2/96      AC:  5    Str: 25    XL:     10   Next: 14%
Magic:  14/14      EV: 11    Int:  6    God:    Makhleb [***...]
Gold:   417        SH:  0    Dex: 12    Spells: 9/9 levels left

rFire   . . .      SeeInvis .     - Unarmed
rCold   . . .      Faith    .   (no shield)
rNeg    . . .      Spirit   .   a - +0 robe
rPois   .          Reflect  .   (helmet restricted)
rElec   .          Harm     .   g - +0 cloak
rCorr   .          Rampage  .   (gloves unavailable)
Will    .....                   (boots unavailable)
Stlth   ++........              (no amulet)
HPRegen 1.06/turn               j - ring of flight
MPRegen 0.14/turn               (no ring)

@: flying
A: large, unfitting armour, claws 3, regeneration 1, shaggy fur 1, tough skin 1
a: Renounce Religion, Minor Destruction, Lesser Servant of Makhleb


You were on level 7 of the Dungeon.
You worshipped Makhleb.
Makhleb was most pleased with you.
You visited 1 branch of the dungeon, and saw 7 of its levels.

You collected 417 gold pieces.

Inventory:

Missiles
 q - 3 boomerangs
Armour
 a - a +0 robe (worn)
 c - an orb of light
 g - a +0 cloak (worn)
Jewellery
 f - a ring of magical power
 j - a ring of flight (left claw)
 y - a +6 ring of strength
Wands
 d - a wand of paralysis (4)
 x - a wand of polymorph (8)
Scrolls
 b - a scroll of immolation {unknown}
 e - 2 scrolls of enchant armour {unknown}
 l - 3 scrolls of teleportation
 m - a scroll of blinking
 o - a scroll of summoning {unknown}
 s - a scroll of torment {unknown}
 t - a scroll of brand weapon {unknown}
 u - 2 scrolls of vulnerability {unknown}
 v - a scroll of amnesia {unknown}
Potions
 h - a potion of resistance
 i - 3 potions of curing
 k - a potion of mutation {unknown}
 n - a potion of berserk rage {unknown}
 p - a potion of attraction {unknown}
 r - a potion of heal wounds {unknown}
 z - 2 potions of lignification {unknown}


   Skills:
 + Level 5.5 Fighting
 - Level 2.5 Throwing
 + Level 5.4 Dodging
 - Level 1.0 Stealth
 * Level 9.0 Unarmed Combat
 * Level 7.6 Invocations


You had 9 spell levels left.
You didn't know any spells.
Your spell library contained the following spells:

 Spells                   Type           Power      Damage    Failure   Level
 Sandblast                Erth           0%         2d4       45%         1
 Slow                     Hex            0%         N/A       45%         1
 Passwall                 Tmut/Erth      0%         N/A       58%         2
 Static Discharge         Conj/Air       0%         N/A       58%         2
 Confusing Touch          Hex            0%         N/A       83%         3
 Stone Arrow              Conj/Erth      0%         3d7       83%         3
 Vampiric Draining        Necr           0%         2d6       83%         3
 Animate Armour           Summ/Erth      0%         N/A       99%         4
 Dispel Undead            Necr           0%         3d6       99%         4
 Sticky Flame             Conj/Fire      0%         2d3       99%         4
 Lehudib's Crystal Spear  Conj/Erth      0%         10d2      100%        8


Dungeon Overview and Level Annotations

Branches:
Dungeon (7/15)             Temple (0/1) D:7

Altars:
Hepliaklqana
Makhleb
Uskayaw


Innate Abilities, Weirdness & Mutations

You are too large for most types of armour.
You have claws for hands.
Your natural rate of healing is unusually fast.
You are covered in fur. (AC +1)
You have tough skin. (AC +1)


Message History

You claw the gnoll shaman!
You kill the gnoll shaman!
Makhleb accepts your kill.
You feel better.
You scratch the gargoyle but do no damage.
The gargoyle hits you with a +0 mace!
You scratch the gargoyle.
The gargoyle is moderately damaged.
The gargoyle hits you with a +0 mace!
You claw the gargoyle! x2
You destroy the gargoyle!
Makhleb accepts your kill.
You feel better.
Your life force feels restored.
Your Unarmed Combat skill increases to level 9!
You mangle the skeletal warrior!!
The skeletal warrior is moderately damaged.
The skeletal warrior barely misses you.
You closely miss the skeletal warrior. You claw the skeletal warrior!
The skeletal warrior is heavily damaged.
You scratch the skeletal warrior but do no damage.
The skeletal warrior is heavily damaged.
The skeletal warrior hits you with a +0 battleaxe!!
* * * LOW HITPOINT WARNING * * *
You hear a shout!
The teleport trap disappears.
The skeletal warrior disappears!
There is a stone staircase leading up here.
The orc closely misses you.
Items here: $ )))) [[ †.
The orc hits you with a +0 trident.
You barely miss the orc. The orc hits you with a +0 trident.
* * * LOW HITPOINT WARNING * * *
You closely miss the orc.
The skeletal warrior hits you with a +0 battleaxe!!
* * * LOW HITPOINT WARNING * * *
You feel better. The orc closely misses you.
The skeletal warrior hits you with a +0 battleaxe!
* * * LOW HITPOINT WARNING * * *
The orc hits you with a +0 trident.
You die...

#.........# ########
#.......>.######
#......#
###.........##...#
#......#
..(........<##.#.##
#......#
###.>.......#..#..##
#......# #.........#
#.#.<# #......####
#...........#z#..#
#......#...
#..........##.##.##
#......#...
#########..#.o@#..#
#......#...
#.##...##.#
###..###[..
..#).#..#.##
#...#####.
#..#..##.###.#.......
#......(#........##.#<
##.....###..........#.
###.### #...##.#.....
.. ##.....#.##..
###.........


You could see a skeletal warrior and an orc.

Vanquished Creatures
  A gargoyle (D:7)
  A slime creature (D:7)
  Sigmund (D:5)
  A wyvern (D:7)
  4 yaks (D:5)
  A steam dragon (D:7)
  Menkaure (D:4)
  3 water moccasins
  5 sky beasts
  An orc warrior (D:7)
  An ice beast (D:7)
  A necrophage (D:6)
  An ogre (D:5)
  A centaur (D:7)
  A kobold brigand (D:7)
  Blork the orc (D:5)
  6 bullfrogs
  A gnoll sergeant (D:7)
  3 scorpions
  A water moccasin zombie (D:5)
  A wyvern skeleton (D:7)
  A water moccasin skeleton (D:6)
  2 wights (D:7)
  A centaur zombie (D:7)
  A jelly (D:5)
  4 hounds
  A gnoll shaman (D:7)
  Crazy Yiuf (D:2)
  A bullfrog skeleton (D:4)
  A centaur skeleton (D:2)
  2 iguanas
  2 orc wizards (D:7)
  A scorpion zombie (D:5)
  A killer bee zombie (D:7)
  A hound skeleton (D:5)
  Robin (D:2)
  A howler monkey skeleton (D:4)
  An adder (D:6)
  3 white imps
  An ufetubus (D:6)
  An adder skeleton (D:4)
  2 worms
  A dart slug (D:4)
  9 orcs
  10 endoplasms
  4 giant cockroaches
  12 goblins
  14 hobgoblins
  2 jackals (D:1)
  15 kobolds
  4 quokkas
  6 ball pythons
  7 bats
  3 frilled lizards
  A jackal skeleton (D:4)
  A quokka zombie (D:4)
  5 rats
161 creatures vanquished.

Notes
Turn   | Place    | Note
-------+----------+-------------------------------------------
     0 | D:1      | adizb the Troll Monk began the quest for the Orb.
     0 | D:1      | Reached XP level 1. HP: 22/22 MP: 0/0
    69 | D:1      | Reached XP level 2. HP: 29/29 MP: 1/1
    95 | D:1      | Found a faded altar of an unknown god.
   200 | D:1      | Reached skill level 1 in Invocations
   325 | D:1      | Reached XP level 3. HP: 36/36 MP: 2/2
   443 | D:2      | Noticed Robin
   480 | D:2      | Killed Robin
   547 | D:2      | Reached skill level 1 in Throwing
   547 | D:2      | Reached XP level 4. HP: 44/44 MP: 4/4
   892 | D:2      | Found a runed translucent door.
   893 | D:2      | Noticed Crazy Yiuf
   898 | D:2      | Killed Crazy Yiuf
   899 | D:2      | Reached skill level 4 in Unarmed Combat
  1385 | D:3      | Reached XP level 5. HP: 52/52 MP: 5/5
  1618 | D:3      | Found a hide-covered altar of Uskayaw.
  1731 | D:4      | Noticed a sky beast
  1739 | D:4      | Killed a sky beast
  1740 | D:4      | Reached XP level 6. HP: 18/61 MP: 6/6
  1785 | D:4      | Noticed Menkaure
  1958 | D:4      | Noticed a sky beast
  1968 | D:4      | Killed a sky beast
  2171 | D:4      | Found a burning altar of Makhleb.
  2171 | D:4      | Found a hazy altar of Hepliaklqana.
  2175 | D:4      | Became a worshipper of Makhleb the Destroyer
  2175 | D:4      | Reached * piety under Makhleb
  2175 | D:4      | Reached ** piety under Makhleb
  2261 | D:4      | Reached skill level 5 in Unarmed Combat
  2308 | D:4      | Killed Menkaure
  2309 | D:4      | Reached XP level 7. HP: 12/67 MP: 8/8
  2504 | D:5      | Entered Level 5 of the Dungeon
  2833 | D:5      | Noticed Sigmund
  2874 | D:5      | Killed Sigmund
  3101 | D:5      | Noticed a yak
  3103 | D:5      | Noticed a yak
  3103 | D:5      | Noticed a yak
  3105 | D:5      | Noticed a yak
  3108 | D:5      | Killed a yak
  3109 | D:5      | Reached skill level 6 in Unarmed Combat
  3109 | D:5      | Reached XP level 8. HP: 78/78 MP: 10/10
  3140 | D:5      | Reached skill level 5 in Invocations
  3252 | D:5      | Noticed Blork the orc
  3261 | D:5      | Killed Blork the orc
  3274 | D:5      | Reached skill level 7 in Unarmed Combat
  3834 | D:6      | Reached XP level 9. HP: 80/85 MP: 12/12
  4409 | D:7      | Found a staircase to the Ecumenical Temple.
  4422 | D:7      | Reached skill level 8 in Unarmed Combat
  4431 | D:7      | Reached *** piety under Makhleb
  4432 | D:7      | Reached skill level 5 in Fighting
  4456 | D:7      | Reached skill level 5 in Dodging
  4496 | D:7      | Noticed a troll
  4496 | D:7      | Noticed a skeletal warrior
  4498 | D:7      | Noticed a gargoyle
  4501 | D:7      | Noticed a boulder beetle
  4664 | D:7      | Reached XP level 10. HP: 66/96 MP: 14/14
  4703 | D:7      | Killed a gargoyle
  4704 | D:7      | Reached skill level 9 in Unarmed Combat
  4726 | D:7      | HP: 2/96 [skeletal warrior/+0 battleaxe (11)]
  4727 | D:7      | Slain by an orc

Illustrated notes

Levels and vault maps discovered:
D:1:      lightli_iron_boxes, layout_rooms,
          hellmonk_ecumenical_altar_heavens_door
D:2:      layout_basic, uniq_robin, uniq_crazy_yiuf_cottage
D:3:      minmay_chambers_of_threes, layout_basic,
          eat_drink_and_be_merry_uskayaw
D:4:      layout_basic, gammafunk_temple_overflow_wave, serial_undead,
          serial_undead_b, serial_undead_e, serial_undead_f, serial_undead_c,
          uniq_menkaure
D:5:      layout_layer_cave, uniq_sigmund, uniq_blork_the_orc
D:6:      nicolae_cairo_tiling, layout_basic
D:7:      minmay_the_grid_four_pointed_star
          [minmay_the_grid_triangle_9x9_thin_v,
          minmay_the_grid_triangle_9x9_sprig,
          minmay_the_grid_triangle_9x9_dagger,
          minmay_the_grid_triangle_9x9_impossible_snake,
          minmay_the_grid_prize_four_corners], layout_rooms,
          minmay_temple_entry_drinking_statues

Skill      XL: |  1  2  3  4  5  6  7  8  9 10 |
---------------+-------------------------------+-----
Invocations    | 1 2 3 4 5 7 |  7.6
Throwing       | 1 2 |  2.5
Unarmed Combat | 4 5 6 7 8 9 |  9.0
Fighting       | 3 4 5 |  5.5
Dodging        | 3 4 5 |  5.4
Stealth        | |  1.0

Action                   |  1- 3 |  4- 6 |  7- 9 | 10-12 || total
-------------------------+-------+-------+-------+-------++-------
Melee: Unarmed           |   101 |   110 |   188 |    24 ||   423
       Punch             |     1 |       |     6 |     3 ||    10
Throw: Boomerang         |       |       |     1 |       ||     1
Invok: Minor Destruction |       |     6 |    54 |     2 ||    62
  Use: Scroll            |       |     1 |     5 |       ||     6
       Potion            |       |       |     1 |     1 ||     2
 Stab: Sleeping          |       |     2 |     4 |       ||     6
Armor: Robe              |    43 |    32 |    41 |     2 ||   118
Dodge: Dodged            |    43 |    39 |    79 |     8 ||   169
